 Dungeon Crawl Stone Soup version 0.22-a0-570-g58866f5 (webtiles) character file.

98 kae the Firebug (level 4, 0/24 HPs)
             Began as a Tengu Fire Elementalist on June 30, 2018.
             Slain by a gnoll
             ... wielding a +0 whip
              (6 damage)
             ... on level 3 of the Dungeon.
             The game lasted 00:02:46 (2468 turns).

kae the Firebug (Tengu Fire Elementalist)           Turns: 2468, Time: 00:02:47

Health: 0/24       AC:  3    Str:  8    XL:     4   Next: 71%
Magic:  8/9        EV:  6    Int: 17    God:
Gold:   102        SH:  0    Dex: 12    Spells: 2/8 levels left

rFire    . . .     SeeInvis .   q - +2 trident (freeze)
rCold    . . .     Gourm    .   (no shield)
rNeg     . . .     Faith    .   a - +0 robe
rPois    .         Spirit   .   (helmet restricted)
rElec    .         Reflect  .   (no cloak)
rCorr    .         Harm     .   g - +0 pair of gloves
MR       .....                  (boots unavailable)
Stlth    +.........             (no amulet)
HPRegen  0.08/turn              h - -2 ring of dexterity (curse)
MPRegen  0.11/turn              (no ring)

@: confused, held
A: beak, talons 3
a: no special abilities


You were on level 3 of the Dungeon.
You were not hungry.

You visited 1 branch of the dungeon, and saw 3 of its levels.

You collected 102 gold pieces.

Inventory:

Hand Weapons
 d - a +1 mace
 q - a +2 trident of freezing (weapon)
Armour
 a - a +0 robe (worn)
 g - a +0 pair of gloves (worn)
Jewellery
 h - a cursed -2 ring of dexterity (left hand)
 n - an uncursed ring of positive energy {unknown}
Scrolls
 b - 2 scrolls of remove curse
 i - 2 scrolls of random uselessness {unknown}
 j - a scroll of teleportation {unknown}
 m - a scroll of noise {unknown}
 o - a scroll of magic mapping {unknown}
 p - a scroll of identify {unknown}
 r - a scroll of fear {unknown}
Potions
 f - 2 potions of resistance {unknown}
 k - a potion of lignification {unknown}
 l - a potion of berserk rage {unknown}
 s - a potion of flight {unknown}
 t - a potion of might {unknown}
Comestibles
 c - 3 rations


   Skills:
 - Level 2.1 Dodging
 - Level 2.0 Stealth
 + Level 2.7 Spellcasting
 + Level 3.0 Conjurations
 * Level 4.7 Fire Magic


You had 2 spell levels left.
You knew the following spells:

 Your Spells              Type           Power        Failure   Level  Hunger
a - Flame Tongue          Conj/Fire      ###..        3%          1    #......
b - Throw Flame           Conj/Fire      ###...       5%          2    ##.....
c - Conjure Flame         Conj/Fire      ###.....     11%         3    ###....

Your spell library contained the following spells:

 Spells                   Type           Power        Failure   Level  Hunger
 Fireball                 Conj/Fire      ###.......   69%         5    ######.
 Sticky Flame             Conj/Fire      ###.....     34%         4    #####..
 Inner Flame              Hex/Fire       ##......     21%         3    ###....


Dungeon Overview and Level Annotations

Branches:
Dungeon (3/15)

Altars:
Cheibriados


Innate Abilities, Weirdness & Mutations

You have a beak for a mouth.
You have claws for feet.


Message History

Confirm with . or Enter, or press ? or * to list all spells.
Aiming: Flame Tongue (safe; 3% risk of failure)
Press: ? - help, Shift-Dir - straight line, f/p - gnoll
Aim: a gnoll (heavily wounded)
The flame tongue misses the gnoll.
The gnoll barely misses you. The gnoll hits you but does no damage.
Casting: Flame Tongue (safe; 3% risk of failure)
Confirm with . or Enter, or press ? or * to list all spells.
You don't have enough magic to cast that spell.
You struggle against the net.
The gnoll barely misses you. The gnoll hits you!
* * * LOW HITPOINT WARNING * * *
You struggle against the net.
The gnoll closely misses you. The gnoll hits you.
* * * LOW HITPOINT WARNING * * *
It was a potion of ambrosia.
You are confused.
You feel invigorated. The gnoll hits you with a whip.
* * * LOW HITPOINT WARNING * * *
The gnoll closely misses you.
You struggle against the net.
The gnoll hits you with a whip.
You die...

###..# ###.....#
##### ##.##
#.......# # #..#
#.......# # ##.#
#....####
######.## #....#
#.......# #....#
#.......###....#
#........##....#
#......#@##....#
#......#gg###+##
#......##.#
#......# ..
####### .!. ....
#.##( .# [#


You could see 2 gnolls.

Vanquished Creatures
  A gnoll (D:3)
  3 adders
  4 dart slugs (D:2)
  2 leopard geckos
  A giant cockroach (D:2)
  5 goblins
  3 hobgoblins
  6 jackals
  A quokka (D:2)
  6 bats
  3 frilled lizards
  7 kobolds
  12 rats
54 creatures vanquished.

Notes
Turn   | Place    | Note
-------+----------+-------------------------------------------
     0 | D:1      | kae the Tengu Fire Elementalist began the quest for the Orb.
     0 | D:1      | Reached XP level 1. HP: 10/10 MP: 4/4
   238 | D:1      | Reached XP level 2. HP: 15/15 MP: 1/6
   290 | D:1      | Learned a level 2 spell: Throw Flame
   729 | D:1      | Reached skill level 4 in Fire Magic
   729 | D:1      | Reached XP level 3. HP: 19/19 MP: 2/7
   734 | D:1      | Learned a level 3 spell: Conjure Flame
  1580 | D:2      | Reached XP level 4. HP: 14/24 MP: 3/8
  2439 | D:3      | Found a snail-covered altar of Cheibriados.
  2468 | D:3      | Slain by a gnoll

Vault maps used:
D:1:      doesnt_arrival_eight_statues, grunt_decor_mini_mirrors
D:3:      cheibriados_altar_1

Skill      XL: |  1  2  3  4 |
---------------+-------------+-----
Conjurations   | 2 3 |  3.0
Fire Magic     | 4 |  4.7
Dodging        | |  2.1
Stealth        | |  2.0
Spellcasting   | |  2.7

Action                   |  1- 3 |  4- 6 || total
-------------------------+-------+-------++-------
Melee: Mace              |    12 |       ||    12
       Kick              |     4 |     1 ||     5
       Peck              |     4 |       ||     4
       Trident           |       |     2 ||     2
 Cast: Flame Tongue      |    67 |    24 ||    91
  Use: Scroll            |     3 |       ||     3
       Potion            |       |     1 ||     1
  Eat: Chunk             |     3 |     3 ||     6
Armor: Robe              |     5 |     1 ||     6
Dodge: Dodged            |    30 |     6 ||    36

Table legend:
 A = Spawn XP
 B = Non-spawn XP
 C = Spawn XP percentage of total XP
 D = Spawn monster count
 E = Non-spawn monster count
 F = Spawn count percentage of total count
 G = Total turns spent on level
                    A         B        C        D         E        F      G
               +---------+---------+-------+---------+---------+-------+---------
         Total |       0 |     141 |   0.0 |       0 |      54 |   0.0 |  2468
               +---------+---------+-------+---------+---------+-------+---------
           D:1 |       0 |      37 |   0.0 |       0 |      26 |   0.0 |   962
           D:2 |       0 |      71 |   0.0 |       0 |      23 |   0.0 |  1429
           D:3 |       0 |      33 |   0.0 |       0 |       5 |   0.0 |    77
               +---------+---------+-------+---------+---------+-------+---------
